 Dungeon Crawl Stone Soup version 0.31-a0-37-g98a128e1d9 (webtiles) character file.

Game seed: 11109189562112791640

62 Elsrick the Insei (level 4, -1/35 HPs)
             Began as a Human Monk on May 15, 2023.
             Slain by a gnoll
             ... wielding a +1 spear of freezing
              (7 damage)
             ... on level 3 of the Dungeon on May 16, 2023.
             The game lasted 00:04:04 (1709 turns).

Elsrick the Insei (Human Monk)                      Turns: 1709, Time: 00:04:05

Health: -1/35      AC:  3    Str: 12    XL:     4   Next: 28%
Magic:  4/4        EV: 13    Int: 10    God:
Gold:   59         SH:  0    Dex: 17    Spells: 2/3 levels left

rFire   . .          .
                       - Unarmed
rCold   . . .        c - orb {light}
rNeg    . . .        a - +0 robe
rPois   .            (no helmet)
rElec   .            p - +0 cloak
rCorr   .            (no gloves)
SInv    .            (no boots)
Will    .....        (no amulet)
Stlth   +            k - ring of flight
HPRegen 0.25/turn    (no ring)
MPRegen 0.09/turn

%: no passive effects
@: flying, glowing
A: no striking features
a: no special abilities


You were on level 3 of the Dungeon.
You visited 1 branch of the dungeon, and saw 3 of its levels.

You collected 59 gold pieces.

Inventory:

Missiles
 h - 3 poisoned darts (quivered)
Armour
 a - a +0 robe (worn)
 c - an orb of light (worn)
 n - a scarf of repulsion
 p - a +0 cloak (worn)
Jewellery
 k - a ring of flight (left hand)
Scrolls
 d - a scroll of blinking {unknown}
 e - a scroll of immolation {unknown}
 j - a scroll of silence {unknown}
 l - a scroll of fog {unknown}
 m - 2 scrolls of teleportation {unknown}
 q - a scroll of enchant weapon {unknown}
Potions
 b - 2 potions of ambrosia
 f - a potion of cancellation {unknown}
 g - a potion of resistance {unknown}
 i - 2 potions of magic {unknown}
 o - a potion of lignification {unknown}
 r - a potion of brilliance {unknown}


   Skills:
 + Level 3.3 Fighting
 + Level 3.4 Dodging
 + Level 4.2 Unarmed Combat


You had 2 spell levels left.
You knew the following spells:

 Your Spells              Type           Power      Damage    Failure   Level
a - Freeze                Ice            0%         1d3       36%         1

Your spell library contained the following spells:

 Spells                   Type           Power      Damage    Failure   Level
 Static Discharge         Conj/Air       0%         2-2/arc   50%         2
 Frozen Ramparts          Ice            0%         1d1       75%         3
 Hailstorm                Conj/Ice       0%         3d3       75%         3
 Airstrike                Air            0%         2d(0-16)  98%         4
 Summon Lightning Spire   Summ/Air       0%         N/A       98%         4


Dungeon Overview and Level Annotations

Branches:
Dungeon (3/15)

Altars:

Annotations:
D:1 2 transporters


Message History

3 gnolls come into view.
A gnoll is wielding a +1 spear of freezing.
A gnoll is wielding a +1 whip of freezing.
The gnoll shouts! x3
Throw: 6 darts (poison)
Press: ? - help, Q - select action, (/) - cycle Shift-Dir - straight line, f - gnoll
Aim: a gnoll, wielding a +1 whip of freezing (64% to hit)
You throw a poisoned dart. The poisoned dart hits the gnoll.
The gnoll is poisoned.
Throw: 5 darts (poison)
Press: ? - help, Q - select action, (/) - cycle Shift-Dir - straight line, f - gnoll, p - gnoll
Aim: a gnoll, wielding a +1 spear of freezing (64% to hit)
You throw a poisoned dart. The poisoned dart hits the gnoll.
Throw: 4 darts (poison)
Press: ? - help, Q - select action, (/) - cycle Shift-Dir - straight line, f/p - gnoll
Aim: a gnoll, wielding a +1 spear of freezing (haloed, 82% to hit)
You throw a poisoned dart. The poisoned dart hits the gnoll.
The gnoll attacks as you move away! The gnoll barely misses you.
The gnoll hits you from afar with a +1 spear of freezing.
The gnoll freezes you.
You hit the gnoll but do no damage.
The gnoll is moderately wounded.
The gnoll hits you with a +1 whip of freezing.
The gnoll freezes you.
The gnoll hits you from afar with a +1 spear of freezing.
The gnoll freezes you.
You hit the gnoll.
The gnoll is severely wounded.
You hit the gnoll but do no damage.
The gnoll is severely wounded.
The gnoll misses you.
The gnoll hits you from afar with a +1 spear of freezing.
The gnoll freezes you.
You hit the gnoll.
You kill the gnoll!
The gnoll hits you from afar with a +1 spear of freezing!
* * * LOW HITPOINT WARNING * * *
The gnoll freezes you.
* * * LOW HITPOINT WARNING * * *
The gnoll hits you with a +1 spear of freezing!
You die...

##... ..... .. .. ..
#..#.#.. ?.## !.
....(.## ....#...
#(..#.#
#.#..#..##.(#..##
......#....#....##.##
#.#....#..#..gg.....#
..#.
#..##..##@####..#
....##..##..##.#
#....#..#...[#
#...#....#...#
#..#..##..#..#
#.#...##...#...
##..........####
#..####...#.. #..#
##......


You could see 2 gnolls.

Vanquished Creatures
  An adder (D:2)
  A gnoll (D:3)
  A dart slug (D:2)
  4 endoplasms
  5 giant cockroaches
  5 goblins
  3 hobgoblins
  3 jackals (D:2)
  2 quokkas
  4 ball pythons
  2 bats
  A frilled lizard (D:1)
  4 kobolds
  A rat (D:2)
37 creatures vanquished.

Notes
Turn   | Place    | Note
-------+----------+-------------------------------------------
     0 | D:1      | Elsrick the Human Monk began the quest for the Orb.
     0 | D:1      | Reached XP level 1. HP: 18/18 MP: 1/1
   114 | D:1      | Reached XP level 2. HP: 24/24 MP: 2/2
   151 | D:1      | Learned a level 1 spell: Freeze
   974 | D:2      | Reached XP level 3. HP: 20/29 MP: 3/3
  1335 | D:2      | Reached XP level 4. HP: 23/35 MP: 4/4
  1628 | D:2      | Reached skill level 4 in Unarmed Combat
  1709 | D:3      | Slain by a gnoll

Illustrated notes

Levels and vault maps discovered:
D:1:      spicycebolla_arrival_transporter_tutorial, layout_loops_ring,
          serial_co_window_serial, co_window_paths_a, co_window_paths_a,
          co_window_of_opportunity_a, co_window_paths_b, co_window_cross_1,
          co_window_broadway_b, co_window_broadway_a,
          co_window_of_opportunity_c, glass_columns_c, glass_columns_a,
          nicolae_figureground_pulse
D:2:      layout_rooms, minmay_tall_x
D:3:      layout_loops_ring, nemelex_diamond_rough_becter,
          gammafunk_ghost_gnarly_gnolls, ebering_ecumenical_altar_webs,
          hangedman_decor_clover_reticule, minivault_26

Skill      XL: |  1  2  3  4 |
---------------+-------------+-----
Unarmed Combat | 4 |  4.2
Fighting       | |  3.3
Dodging        | |  3.4

Action                     |  1- 3 |  4- 6 || total
---------------------------+-------+-------++-------
  Melee: Unarmed           |    97 |    10 ||   107
  Throw: Dart              |       |     3 ||     3
   Cast: Freeze            |     2 |       ||     2
 Armour: Robe              |    12 |     2 ||    14
  Dodge: Dodged            |    70 |     2 ||    72

Table legend: (Time is in decaauts)
 A = Elapsed time spent in this place.
 B = Non-inter-level travel time spent in this place.
 C = Inter-level travel time spent in this place.
 D = Time resting spent in this place.
 E = Time spent auto-exploring this place.
 F = Levels seen in this place.
 G = Mean time per level.
                   A        B        C        D        E       F      G
               +--------+--------+--------+--------+--------+-----+--------+
         Total |   1703 |   1644 |     59 |    236 |   1062 |   3 |  567.7 |
       Dungeon |   1703 |   1644 |     59 |    236 |   1062 |   3 |  567.7 |
               +--------+--------+--------+--------+--------+-----+--------+

Top non-repeatable levels by time:
     D:1: 954 daAuts
     D:2: 710 daAuts
     D:3: 38 daAuts
